 Dungeon Crawl Stone Soup version 0.32-a0-960-g3814254bd7 (webtiles) character file.

Game seed: 9555914947368688272

1742 inmateoo the Chopper (level 8, -1/63 HPs)
             Began as a Mountain Dwarf Fighter on Apr 17, 2024.
             Was a Believer of Hepliaklqana.
             Slain by a gargoyle
             ... wielding a +0 mace
              (18 damage)
             ... on level 6 of the Dungeon.
             The game lasted 00:04:24 (5196 turns).

inmateoo the Chopper (Mountain Dwarf Fighter)       Turns: 5196, Time: 00:04:25

Health: -1/63      AC: 17    Str: 22    XL:     8   Next: 77%
Magic:  11/11      EV:  6    Int:  8    God:    Hepliaklqana [**....]
Gold:   304        SH:  4    Dex:  9    Spells: 7/7 levels left

rFire   . . .        a - +1 war axe
rCold   . . .        c - +0 buckler
rNeg    . . .        l - +0 plate armour
rPois   .            b - +0 helmet
rElec   .            y - +1 cloak
rCorr   .            (no gloves)
SInv    .            t - +0 pair of boots
Will    .....        (no amulet) Stlth
                     (no ring)
HPRegen 0.30/turn    (no ring)
MPRegen 0.12/turn

%: no passive effects
@: no status effects
A: reduced essence, runic magic, artefact enchanting
a: Renounce Religion, Recall Ancestor, Ancestor Identity


You were on level 6 of the Dungeon.
You worshipped Hepliaklqana.
Hepliaklqana was pleased with you.
You visited 2 branches of the dungeon, and saw 7 of its levels.
You also visited: Sewer.

You collected 304 gold pieces.

Inventory:

Hand Weapons
 a - a +1 war axe (weapon)
Armour
 b - a +0 helmet (worn)
 c - a +0 buckler (worn)
 l - a +0 plate armour (worn)
 t - a +0 pair of boots (worn)
 y - a +1 cloak (worn)
Wands
 i - a wand of flame (18)
Scrolls
 e - 2 scrolls of immolation
 h - 3 scrolls of identify
 j - 3 scrolls of teleportation
 p - 2 scrolls of poison
 s - 2 scrolls of enchant weapon
Potions
 d - 3 potions of might
 f - 3 potions of curing
 g - a potion of brilliance {unknown}
 k - a potion of mutation
 m - 4 potions of haste
 n - 3 potions of heal wounds
 q - a potion of ambrosia
 r - a potion of attraction
 v - a potion of magic
 w - a potion of cancellation
 x - a potion of degeneration {unknown}


   Skills:
 + Level 6.1 Fighting
 * Level 7.9 Axes
 + Level 5.9 Armour
 + Level 2.4 Dodging
 + Level 5.8 Shields
 + Level 4.3 Invocations


You had 7 spell levels left.
You didn't know any spells.
Your spell library contained the following spells:

 Spells                   Type           Power      Damage    Failure   Level
 Freeze                   Ice            0%         1d3       71%         1
 Blink                    Tloc           0%         N/A       85%         2
 Cigotuvi's Dreadful Rot  Necr/Alch/Air  0%         N/A       85%         2
 Lesser Beckoning         Tloc           0%         N/A       85%         2
 Momentum Strike          Conj/Tloc      0%         3d8       85%         2
 Frozen Ramparts          Ice            0%         1d1       97%         3
 Hailstorm                Conj/Ice       0%         3d5       97%         3
 Inner Flame              Hex/Fire       0%         N/A       97%         3
 Animate Dead             Necr           0%         N/A       100%        4
 Flame Wave               Conj/Fire      0%         2d4       100%        4
 Ignite Poison            Fire/Alch      0%         N/A       100%        4
 Sticky Flame             Fire/Alch      0%         2d4       100%        4
 Borgnjor's Vile Clutch   Necr/Erth      0%         N/A       100%        5
 Freezing Cloud           Conj/Ice/Air   0%         6-21      100%        5
 Death Channel            Necr           0%         N/A       100%        6


Dungeon Overview and Level Annotations

Branches:
Dungeon (6/15)             Temple (1/1) D:4           Sewer (visited)

Altars:
Ashenzari
Cheibriados
Dithmenos
Elyvilon
Fedhas
Gozag
Hepliaklqana
Makhleb
Nemelex Xobeh
Okawaru
Ru
Sif Muna
Trog
Uskayaw
Vehumet
Xom
Yredelemnul
Zin
The Shining One

Shops:
D:1 (   D:2 (

Annotations:
D:3 exclusion: statue
D:4 1 transporter, basamash's ghost, amateur CoHu


Innate Abilities, Weirdness & Mutations

Your life essence is reduced to manifest your ancestor. (-10% HP)
Your spellcasting is much less encumbered by armour.
You can use scrolls of enchantment on lesser artefacts.


Message History

There is an open door here.
No target in view!
You see here a +0 flail.
There is a fountain of clear blue water here.
You swap places.
You see here a +0 flail.
There is an open door here.
There is an open door here.
You open the door.
There is an open door here.
A gargoyle comes into view. It is wielding a +0 mace.
A gargoyle is nearby!
A gargoyle is nearby!
A gargoyle is nearby!
The gargoyle hurls a stone arrow at you.
The stone arrow hits you!
A gargoyle is nearby!
You slash the gargoyle!
The gargoyle is moderately damaged.
The gargoyle hurls a stone arrow at you.
The stone arrow hits you!!
You are too injured to fight recklessly!
You are too injured to fight recklessly!
You are too injured to fight recklessly!
You hit the gargoyle but do no damage.
The gargoyle is moderately damaged.
Wifeps points at the gargoyle and mumbles some strange words.
The puff of frost hits the gargoyle but does no damage.
The gargoyle hits you with a +0 mace!
* * * LOW HITPOINT WARNING * * *
Wifeps barely misses the gargoyle.
You slash the gargoyle!
The gargoyle is severely damaged.
You block the gargoyle's attack.
Wifeps hits the gargoyle with a +0 quarterstaff.
You hit the gargoyle but do no damage.
The gargoyle is severely damaged.
The gargoyle hits you with a +0 mace!!
You die...
Hepliaklqana delivers you to your ancestors.

.⌠.##............#
....#............#
....#............#
ß...'............#######
...R#'###...............
....#...#...............
.⌠.##...#...............
...#....#...............
.)##....#.......@9......
###.....'.......R.......
#######...............
################


You could see the friendly Wifeps the battlemage and a gargoyle (ally target).

Vanquished Creatures
  An ice beast (D:5)
  An ogre (D:5)
  3 centaurs
  2 phantoms (D:5)
  A kobold brigand (D:5)
  A scorpion (D:4)
  2 bombardier beetles (D:5)
  A gnoll bouda (D:5)
  3 hounds (D:5)
  3 jellies (D:5)
  An orc priest (D:4)
  Crazy Yiuf (D:5)
  A sleepcap (D:5)
  An orc wizard (D:6)
  Robin (D:2)
  3 adders
  A dart slug (D:5)
  2 ribbon worms (D:4)
  16 orcs
  8 endoplasms
  8 giant cockroaches
  21 goblins
  15 hobgoblins
  4 jackals (D:2)
  A quokka (D:3)
  7 ball pythons
  8 bats
  5 frilled lizards
  21 kobolds
  10 rats
153 creatures vanquished.

Vanquished Creatures (collateral kills)
  A water moccasin (D:6)
  A black bear (D:5)
  A centaur (D:5)
  A jelly (D:5)
  4 orc wizards
  A gnoll (D:5)
  4 adders
  A shadow imp (D:5)
  5 orcs
  An endoplasm (D:4)
  A kobold (D:5)
  2 frilled lizards (D:5)
23 creatures vanquished.

Vanquished Creatures (others)
  A battlemage (D:5)
1 creature vanquished.

Grand Total: 177 creatures vanquished

Notes
Turn   | Place    | Note
-------+----------+-------------------------------------------
     0 | D:1      | inmateoo the Mountain Dwarf Fighter began the quest for the
                  | Orb.
     0 | D:1      | Reached XP level 1. HP: 19/19 MP: 1/1
   118 | D:1      | Reached XP level 2. HP: 26/26 MP: 2/2
   181 | D:1      | Found Ittarche's Antique Weapon Shoppe.
   227 | D:1      | Reached skill level 3 in Axes
   479 | D:1      | Reached XP level 3. HP: 31/31 MP: 3/3
   733 | D:2      | Noticed Robin
   753 | D:2      | Killed Robin
   877 | D:2      | Reached XP level 4. HP: 24/40 MP: 4/4
   946 | D:2      | Found Edon's Weapon Boutique.
  1031 | D:2      | Reached skill level 4 in Axes
  1850 | D:3      | Found a radiant altar of Vehumet.
  1850 | D:3      | Noticed a frost-covered statue
  2252 | D:4      | Found a staircase to the Ecumenical Temple.
  2264 | Temple   | Entered the Ecumenical Temple
  2273 | Temple   | Became a worshipper of Hepliaklqana the Forgotten
  2317 | D:4      | Reached XP level 5. HP: 46/46 MP: 5/5
  2413 | D:4      | Found a glowing drain.
  2444 | Sewer    | Entered a sewer
  2705 | D:4      | Reached * piety under Hepliaklqana
  2742 | D:4      | Found a burning altar of Makhleb.
  2755 | D:4      | Found a transporter.
  2757 | D:4      | Identified the +11 giant spiked club "Loaq" {venom, rN+
                  | Will+}
  2757 | D:4      | Noticed an ogre
  2757 | D:4      | Noticed basamash's ghost (amateur CoHu)
  2991 | D:4      | Reached skill level 5 in Axes
  3231 | D:5      | Entered Level 5 of the Dungeon
  3231 | D:5      | Noticed a phantom
  3238 | D:5      | Reached XP level 6. HP: 43/47 MP: 6/6
  3242 | D:5      | Reached skill level 1 in Invocations
  3405 | D:5      | Reached ** piety under Hepliaklqana
  3406 | D:5      | Remembered your ancestor Wifeps as a battlemage
  3475 | D:5      | Found a runed translucent door.
  3476 | D:5      | Noticed Crazy Yiuf
  3709 | D:5      | Reached skill level 1 in Dodging
  3709 | D:5      | Reached XP level 7. HP: 44/54 MP: 8/8
  3735 | D:5      | Reached skill level 5 in Fighting
  3735 | D:5      | Reached skill level 6 in Axes
  3833 | D:5      | Reached skill level 5 in Armour
  3833 | D:5      | Reached skill level 5 in Shields
  4045 | D:5      | Reached XP level 8. HP: 57/62 MP: 10/10
  4069 | D:5      | Reached skill level 7 in Axes
  4714 | D:5      | Killed Crazy Yiuf
  5096 | D:6      | Found a basalt altar of Yredelemnul.
  5169 | D:6      | Found a snail-covered altar of Cheibriados.
  5170 | D:6      | Found a white marble altar of Elyvilon.
  5189 | D:6      | Noticed a gargoyle
  5196 | D:6      | Slain by a gargoyle

Illustrated notes

Levels and vault maps discovered:
D:1:      amcnicky_arrival_wind_blow, layout_basic, serial_shops, shop
D:2:      layout_basic, serial_shops, nicolae_shop_tiny_waterfront,
          corexii_leaking_fountain, uniq_robin
D:3:      corexii_shack_village, layout_basic, vehumet_statue,
          nicolae_figureground_sparkle
D:4:      layout_layer_cave, nicolae_overflow_crystal_walls,
          minmay_temple_entry_tees, gammafunk_ghost_smash,
          cheibrodos_sewer_entry_bend, serial_glass, glass_columns_b,
          glass_columns_b, glass_columns_b, glass_columns_a, glass_columns_c
D:5:      minmay_octagon_keep, layout_layer_cave, lexackson_kobold_supper,
          uniq_crazy_yiuf_cottage
D:6:      layout_gridville, nicolae_kikubaaqudgha_miasma_corner,
          yredelemnul_altar_generic, gammafunk_temple_overflow_pools,
          serial_shops, shop
Temple:   eino_temple_lava

Skill      XL: |  1  2  3  4  5  6  7  8 |
---------------+-------------------------+-----
Axes           | 3 4 5 6 7 |  7.9
Fighting       | 4 5 6 |  6.1
Shields        | 4 5 |  5.8
Armour         | 4 5 |  5.9
Invocations    | 1 3 4 |  4.3
Dodging        | 1 2 |  2.4

Action                     |  1- 3 |  4- 6 |  7- 9 || total
---------------------------+-------+-------+-------++-------
  Melee: War axe           |   110 |   215 |    75 ||   400
 Invoke: Ancestor Life: Ba |       |     1 |       ||     1
         Recall Ancestor   |       |       |     1 ||     1
    Use: Scroll            |       |       |    14 ||    14
         Potion            |       |       |     2 ||     2
   Stab: Distracted        |       |       |     2 ||     2
 Armour: Scale mail        |    61 |       |       ||    61
         Plate armour      |    44 |   229 |    89 ||   362
  Dodge: Dodged            |    52 |    59 |    40 ||   151
  Block: Buckler           |    27 |    52 |    24 ||   103

Table legend: (Time is in decaauts)
 A = Elapsed time spent in this place.
 B = Non-inter-level travel time spent in this place.
 C = Inter-level travel time spent in this place.
 D = Time resting spent in this place.
 E = Time spent auto-exploring this place.
 F = Levels seen in this place.
 G = Mean time per level.
                   A        B        C        D        E       F      G
               +--------+--------+--------+--------+--------+-----+--------+
         Total |   5341 |   5237 |    104 |    388 |   3696 |   8 |  667.6 |
       Dungeon |   5034 |   4930 |    104 |    365 |   3576 |   6 |  839.0 |
        Temple |     18 |     18 |      0 |      0 |      0 |   1 |   18.0 |
         Sewer |    288 |    288 |      0 |     23 |    119 |   1 |  288.0 |
               +--------+--------+--------+--------+--------+-----+--------+

Top non-repeatable levels by time:
     D:5: 1680 daAuts
     D:2: 1037 daAuts
     D:4: 750 daAuts
     D:3: 642 daAuts
     D:1: 618 daAuts
     D:6: 305 daAuts
   Sewer: 288 daAuts
  Temple: 18 daAuts
